 Dungeon Crawl Stone Soup version 0.24-a0-530-g18ba70b503 (webtiles) character file.

Game seed: 18336799356435075976

36554 GordonOverkill the Frost Mage (level 13, 0/160 HPs)
             Began as a White Draconian Fire Elementalist on Aug 8, 2019.
             Was a High Priest of Vehumet.
             Slain by Rupert
             ... wielding a +1 battleaxe of chopping
              (17 damage)
             ... on level 5 of the Lair of Beasts.
             The game lasted 01:04:31 (27671 turns).

GordonOverkill the Frost Mage (DrFE)               Turns: 27671, Time: 01:04:32

Health: 0/160      AC: 14    Str: 16    XL:     13   Next: 53%
Magic:  14/25      EV: 13    Int: 20    God:    Vehumet [*****.]
Gold:   1067       SH:  6    Dex: 12    Spells: 8/28 levels left

rFire    + . .     SeeInvis .   c - +2 whip (elec)
rCold    + . .     Gourm    +   m - +1 buckler
rNeg     . . .     Faith    .   (armour unavailable)
rPois    +         Spirit   .   (helmet restricted)
rElec    .         Reflect  .   y - +2 cloak
rCorr    .         Harm     .   (no gloves)
MR       .....     Clarity  +   K - +2 pair of boots of the Assassin {Detection Stab+ Stlth++}
Stlth    ..........             G - amulet of the gourmand
HPRegen  0.36/turn              D - ring of poison resistance
MPRegen  0.19/turn              l - ring of protection from fire

@: berserking, very slightly contaminated, very quick
A: breathe frost, unfitting armour, claws 2, horns 1, clarity, cold resistance
1, cold-blooded, AC +8
a: Breathe Frost, Renounce Religion


You were on level 5 of the Lair of Beasts.
You worshipped Vehumet.
Vehumet was extremely pleased with you.
You were full.

You visited 2 branches of the dungeon, and saw 18 of its levels.
You also visited: Bailey.

You collected 1067 gold pieces.

Inventory:

Hand Weapons
 c - a +2 whip of electrocution (weapon)
 h - the +11 long sword of Noon {freeze, Fragile rElec rF++ rN+}
   (You found it on level 1 of the Lair of Beasts)

   It has been specially enchanted to freeze those struck by it, causing extra
   injury to most foes and up to half again as much damage against particularly
   susceptible opponents.
   It can also slow down cold-blooded creatures.
   It greatly protects you from fire.
   It insulates you from electricity.
   It protects you from negative energy.
   It will be destroyed if unequipped.
 j - a +2 dagger of venom
 F - a +2 hunting sling of flaming
Missiles
 f - 9 boomerangs of dispersal
 t - 10 javelins
 B - 5 throwing nets
 H - 66 boomerangs (quivered)
Armour
 m - a +1 buckler (worn)
 y - a +2 cloak (worn)
 K - the +2 pair of boots of the Assassin (worn) {Detection Stab+ Stlth++}
   (You acquired it on level 9 of the Dungeon)

   It makes you much more stealthy.
Magical Staves
 R - an uncursed staff of conjuration
Jewellery
 i - an uncursed ring of positive energy
 l - a ring of protection from fire (right claw)
 C - an uncursed ring of fire
 D - a ring of poison resistance (left claw)
 G - an amulet of the gourmand (around neck)
 T - an uncursed ring of ice
 W - a cursed -2 ring of evasion {unknown}
Wands
 d - a wand of enslavement (4)
 v - a wand of digging (10)
 w - a wand of flame (39)
 P - a wand of iceblast (3)
 S - a wand of polymorph (9)
 V - a wand of paralysis (10)
Scrolls
 a - a scroll of summoning
 e - 10 scrolls of teleportation
 g - 3 scrolls of amnesia
 q - 3 scrolls of remove curse
 r - a scroll of identify
 u - 2 scrolls of immolation
 A - 2 scrolls of fog
 M - 3 scrolls of enchant weapon {unknown}
 Q - 2 scrolls of enchant armour
Potions
 k - 7 potions of curing
 n - 5 potions of brilliance
 o - 3 potions of flight
 p - 7 potions of magic
 s - a potion of ambrosia {unknown}
 x - 2 potions of might
 z - 2 potions of haste
 E - 2 potions of lignification
 I - 5 potions of mutation
 J - a potion of agility
 N - 2 potions of heal wounds
 O - a potion of cancellation
Miscellaneous
 U - a sack of spiders
Comestibles
 b - 31 rations


   Skills:
 - Level 8.0 Fighting
 - Level 12.0 Maces & Flails
 - Level 4.0 Dodging
 - Level 2.0 Stealth
 - Level 5.0 Shields
 - Level 8.0 Spellcasting
 + Level 6.4 Conjurations
 - Level 3.0 Translocations
 - Level 5.0 Fire Magic
 - Level 13.0 Ice Magic
 + Level 3.6 Air Magic
 + Level 5.2 Evocations


You had 8 spell levels left.
You knew the following spells:

 Your Spells              Type           Power        Failure   Level  Hunger
a - Flame Tongue          Conj/Fire      ####.        1%          1    None
b - Conjure Flame         Conj/Fire      ####....     1%          3    None
c - Sticky Flame          Conj/Fire      ####....     2%          4    ###....
d - Blink                 Tloc           N/A          3%          2    None
e - Throw Icicle          Conj/Ice       #####...     1%          4    ###....
f - Freezing Cloud        Conj/Ice/Air   #####.....   16%         6    ######.

Your spell library contained the following spells:

 Spells                   Type           Power        Failure   Level  Hunger
 Freeze                   Ice            ####         1%          1    None
 Magic Dart               Conj           ####         1%          1    None
 Searing Ray              Conj           ####..       1%          2    None
 Throw Flame              Conj/Fire      ####..       1%          2    None
 Throw Frost              Conj/Ice       #####.       1%          2    None
 Dazzling Spray           Conj/Hex       ###...       1%          3    None
 Mephitic Cloud           Conj/Pois/Air  ###.....     1%          3    None
 Ozocubu's Armour         Chrm/Ice       ####....     1%          3    None
 Iskenderun's Mystic Bla  Conj           ####....     1%          4    ###....
 Inner Flame              Hex/Fire       ###.....     2%          3    None
 Ignite Poison            Fire/Tmut/Pois ##......     3%          3    None
 Force Lance              Conj/Tloc      ####....     3%          4    ###....
 Fulminant Prism          Conj/Hex       ###.......   6%          4    ###....
 Summon Ice Beast         Ice/Summ       ####....     6%          4    ###....
 Fireball                 Conj/Fire      ####......   6%          5    #####..
 Call Imp                 Summ           #.......     13%         2    None
 Slow                     Hex            #.......     13%         2    None
 Bolt of Fire             Conj/Fire      ####......   30%         6    ######.
 Ring of Flames           Chrm/Fire      ###.......   100%        7    #######
 Ignition                 Fire           ####......   100%        8    #######


Dungeon Overview and Level Annotations

Branches:
Dungeon (12/15)            Temple (0/1) D:7            Lair (6/6) D:8
 Shoals (0/4) Lair:4       Spider (0/4) Lair:3        Slime (0/5) Lair:6
    Orc (0/2) D:9

Altars:
Ashenzari
Cheibriados
Dithmenos
Elyvilon
Fedhas
Hepliaklqana
Kikubaaqudgha
Makhleb
Nemelex Xobeh
Qazlal
Ru
Uskayaw
Vehumet
Xom
Yredelemnul
Beogh

Portals:
Trove: D:11 (give horn of Geryon)

Annotations:
D:4 2 runed translucent doors, devtcp's ghost, amateur DEWz
D:12 Frances
Lair:5 Rupert
Lair:6 1 runed translucent door, Goumiel's ghost, adept HuAr


Innate Abilities, Weirdness & Mutations

You can breathe waves of freezing cold.
You can buffet flying creatures when you breathe cold.
Your icy white scales are hard. (AC +8)
You cannot fit into any form of body armour.
Your flesh is cold resistant. (rC+)
You are cold-blooded and may be slowed by cold attacks.
You have very sharp fingernails.
You have a pair of small horns on your head.
You possess an exceptional clarity of mind.


Message History

You hit Rupert. You tail-slap Rupert, but do no damage.
Rupert is severely wounded.
You are engulfed in freezing vapours.
You resist.
Rupert is engulfed in freezing vapours.
Rupert hits you with a +1 battleaxe of chopping!!
* * * LOW HITPOINT WARNING * * *
A red film seems to cover your vision as you go berserk!
You feel yourself moving faster!
You feel mighty!
You are engulfed in freezing vapours.
You resist.
* * * LOW HITPOINT WARNING * * *
Rupert is engulfed in freezing vapours.
Rupert hits you with a +1 battleaxe of chopping!
* * * LOW HITPOINT WARNING * * *
x2 You hit Rupert.
You headbutt Rupert.
Rupert is severely wounded.
You are engulfed in freezing vapours.
You resist.
* * * LOW HITPOINT WARNING * * *
Rupert is engulfed in freezing vapours.
Rupert hits you with a +1 battleaxe of chopping!
You die...

...............,,,,,,,,,,,,*
................,,,,,,,,,,,*
#...###.........,,,,,P,,,,,*
#.####..........,,,,,,,,,,,*
### #..........##,*,,,,,,,*
#...........##**,*,P,**
##.......§§§.* **,***,*
#.......☼@§#* *** ***
###.......§○@##
#.#.......§.#.#
#..#.......#.##
#...........####
##.....^....#..#
##...........### #
#.P..........##
#####.............#
....#............##


You could see Rupert (berserk).

Vanquished Creatures
  3 hydras
  Harold (D:8)
  A catoblepas (Lair:3)
  A two-headed ogre (D:10)
  A queen ant (Lair:2)
  Urug (D:12)
  Sonja (Lair:2)
  Pikel (D:5)
  An orc knight (Bailey)
  A cyclops (D:11)
  2 oklob plants (Lair:1)
  A centaur zombie (D:10)
  Joseph (D:8)
  3 black mambas
  5 spiny frogs
  2 rime drakes
  5 komodo dragons
  A merfolk (D:11)
  3 trolls (D:11)
  2 polar bears (Lair:3)
  A hornet (D:12)
  7 dream sheep
  9 blink frogs
  9 hippogriffs
  Sigmund (D:5)
  14 yaks
  Eustachio (D:5)
  5 basilisks
  A steam dragon (D:9)
  Grum (D:8)
  2 hungry ghosts
  4 vampire mosquitoes (D:8)
  3 soldier ants (Lair:2)
  Edmund (D:6)
  2 two-headed ogre zombies (D:9)
  26 water moccasins
  8 porcupines
  5 orc warriors
  2 phantoms
  7 sky beasts
  4 black bears
  A necrophage (D:10)
  7 ogres
  22 wolves
  An ice beast (D:10)
  3 centaurs
  5 crocodiles
  Blork the orc (D:5)
  11 bullfrogs
  A water moccasin skeleton (D:7)
  12 killer bees
  4 scorpions
  2 troll zombies (D:9)
  4 wights (D:8)
  2 howler monkeys
  An electric eel (Lair:1)
  5 crimson imps
  A quasit (D:11)
  2 bullfrog zombies
  4 hounds
  3 bullfrog skeletons
  9 orc priests
  Crazy Yiuf (D:6)
  A gnoll shaman (D:4)
  2 jellies
  A centaur skeleton (D:6)
  Natasha (twice) (D:4)
  2 iguanas
  13 orc wizards
  8 hell rats (Lair:2)
  22 worker ants
  4 ogre zombies (D:9)
  A hound zombie (D:11)
  A hound skeleton (D:5)
  2 howler monkey zombies
  23 gnolls
  34 adders
  13 river rats (Lair:2)
  4 shadow imps
  An ooze (D:2)
  5 worms
  3 adder skeletons
  3 dart slugs
  3 leopard geckos
  39 orcs
  5 giant cockroaches
  8 goblins
  19 hobgoblins
  13 quokkas
  3 ball pythons
  6 bats
  7 frilled lizards
  2 goblin skeletons (D:9)
  3 goblin zombies (D:9)
  A hobgoblin skeleton (D:9)
  A hobgoblin zombie (D:9)
  15 kobolds
  An orc skeleton (D:9)
  17 orc zombies (D:9)
  A quokka skeleton (D:6)
  2 quokka zombies
  25 rats
  A fungus (Lair:5)
569 creatures vanquished.

Vanquished Creatures (others)
  11 fungi
  8 plants
19 creatures vanquished.

Grand Total: 588 creatures vanquished

Notes
Turn   | Place    | Note
-------+----------+-------------------------------------------
     0 | D:1      | GordonOverkill the Draconian Fire Elementalist began the
                  | quest for the Orb.
     0 | D:1      | Reached XP level 1. HP: 14/14 MP: 3/3
   575 | D:1      | Reached XP level 2. HP: 20/20 MP: 3/5
  1595 | D:2      | Reached XP level 3. HP: 26/26 MP: 4/6
  2067 | D:2      | Reached XP level 4. HP: 33/33 MP: 5/7
  2177 | D:2      | Found a sparkling altar of Nemelex Xobeh.
  2177 | D:2      | Found a hide-covered altar of Uskayaw.
  2177 | D:2      | Found an ancient bone altar of Kikubaaqudgha.
  2345 | D:2      | Reached skill level 1 in Shields
  2537 | D:2      | Found a radiant altar of Vehumet.
  2812 | D:2      | Became a worshipper of Vehumet
  2867 | D:2      | Learned a level 3 spell: Conjure Flame
  2872 | D:2      | Learned a level 4 spell: Sticky Flame
  3355 | D:3      | Reached XP level 5. HP: 38/38 MP: 5/9
  3434 | D:3      | Reached * piety under Vehumet
  3434 | D:3      | Offered knowledge of Shock by Vehumet.
  3608 | D:3      | You fall into a shaft and drop 3 floors!
  3618 | D:6      | Found a hazy altar of Hepliaklqana.
  3630 | D:5      | Entered Level 5 of the Dungeon
  3716 | D:5      | Noticed Eustachio
  3723 | D:5      | Killed Eustachio
  3723 | D:5      | Reached XP level 6. HP: 43/45 MP: 1/11
  3867 | D:4      | Found a burning altar of Makhleb.
  3958 | D:4      | Noticed a slave
  3959 | D:4      | Noticed Natasha
  3964 | D:4      | Noticed a slave
  3968 | D:4      | Noticed Pikel
  3970 | D:4      | Killed Natasha
  3972 | D:4      | Noticed a slave
  3979 | D:4      | Noticed a slave
  4247 | D:5      | Killed Pikel
  4247 | D:5      | Reached skill level 5 in Fire Magic
  4247 | D:5      | Your scales start taking on an icy white colour.
  4247 | D:5      | Reached XP level 7. HP: 50/50 MP: 7/13
  4247 | D:5      | Gained mutation: Your flesh is cold resistant. (rC+) [White
                  | Draconian growth]
  4399 | D:4      | Found a runed translucent door.
  4496 | D:4      | Noticed devtcp's ghost (amateur DEWz)
  4555 | D:4      | Reached skill level 1 in Fighting
  4555 | D:4      | Reached XP level 8. HP: 59/59 MP: 3/14
  4980 | D:4      | Found a shimmering altar of Xom.
  4980 | D:4      | Found a white marble altar of Elyvilon.
  4985 | D:4      | Found a shadowy altar of Dithmenos.
  4990 | D:4      | Found a snail-covered altar of Cheibriados.
  5080 | D:4      | Found a stormy altar of Qazlal.
  5174 | D:4      | Reached skill level 5 in Shields
  5493 | D:4      | Learned a level 2 spell: Blink
  5570 | D:4      | Found a runed translucent door.
  5630 | D:4      | Noticed Natasha
  5634 | D:4      | Killed Natasha
  5873 | D:5      | Noticed Sigmund
  5882 | D:5      | Killed Sigmund
  5882 | D:5      | Reached skill level 1 in Maces & Flails
  6021 | D:5      | Noticed Blork the orc
  6029 | D:5      | Killed Blork the orc
  6208 | D:5      | Reached skill level 5 in Conjurations
  6254 | D:5      | Offered knowledge of Sandblast by Vehumet.
  6397 | D:5      | Reached skill level 5 in Spellcasting
  6498 | D:5      | Reached ** piety under Vehumet
  6623 | D:6      | Reached skill level 5 in Fire Magic
  6751 | D:6      | Reached skill level 1 in Translocations
  6771 | D:6      | Noticed Edmund
  6777 | D:6      | Killed Edmund
  6942 | D:6      | Reached XP level 9. HP: 57/69 MP: 12/16
  7096 | D:6      | Found a runed translucent door.
  7097 | D:6      | Noticed Crazy Yiuf
  7291 | D:6      | Found a sacrificial altar of Ru.
  7434 | D:6      | Killed Crazy Yiuf
  7497 | D:7      | Found a staircase to the Ecumenical Temple.
  7950 | D:7      | Reached skill level 5 in Maces & Flails
  8832 | D:7      | Found a basalt altar of Yredelemnul.
  8886 | D:7      | Offered knowledge of Dazzling Spray by Vehumet.
  9748 | D:8      | Found a staircase to the Lair.
  9748 | D:8      | Noticed Harold
  9787 | D:8      | Killed Harold
  9787 | D:8      | Reached XP level 10. HP: 45/77 MP: 3/17
  9808 | D:8      | Noticed Grum
  9820 | D:8      | Reached skill level 10 in Maces & Flails
 10049 | D:8      | Killed Grum
 10141 | D:8      | Reached *** piety under Vehumet
 10583 | D:8      | Noticed Joseph
 10599 | D:8      | Killed Joseph
 10698 | D:8      | Learned a level 4 spell: Throw Icicle
 11018 | D:8      | Found a blossoming altar of Fedhas.
 11240 | D:9      | Offered knowledge of Ignite Poison by Vehumet.
 11246 | D:9      | Reached skill level 1 in Ice Magic
 11251 | D:9      | Found a staircase to the Orcish Mines.
 11294 | D:9      | Reached skill level 2 in Ice Magic
 11296 | D:9      | Reached **** piety under Vehumet
 11645 | D:9      | Offered knowledge of Venom Bolt by Vehumet.
 11785 | D:9      | Reached skill level 3 in Ice Magic
 11813 | D:9      | Found a flagged portal.
 11824 | Bailey   | Entered a bailey
 12204 | Bailey   | Reached ***** piety under Vehumet
 12213 | Bailey   | Offered knowledge of Fulminant Prism by Vehumet.
 12343 | Bailey   | Noticed an orc knight
 12361 | Bailey   | Killed an orc knight
 12845 | D:9      | Reached XP level 11. HP: 56/82 MP: 12/18
 13176 | D:9      | Reached skill level 4 in Ice Magic
 13323 | D:9      | Identified a scroll of acquirement
 13324 | D:9      | Found the +2 pair of boots of the Assassin {Detection Stab+
                  | Stlth++}
 13610 | D:10     | Entered Level 10 of the Dungeon
 13911 | D:10     | Reached skill level 5 in Ice Magic
 14300 | D:10     | Noticed a two-headed ogre
 14309 | D:10     | Killed a two-headed ogre
 14462 | D:10     | Reached skill level 5 in Fighting
 14729 | D:11     | Reached skill level 6 in Ice Magic
 15163 | D:11     | Found a runed translucent door.
 15362 | D:11     | Found a portal to a secret trove of treasure.
 15389 | D:11     | Found a shattered altar of Ashenzari.
 15429 | D:11     | Reached skill level 7 in Ice Magic
 16054 | D:11     | Reached skill level 8 in Ice Magic
 16172 | D:11     | Found a roughly hewn altar of Beogh.
 16494 | D:12     | Noticed a red ugly thing
 16645 | D:12     | Noticed an ogre mage
 16646 | D:12     | Noticed a centaur warrior
 16646 | D:12     | Noticed a two-headed ogre
 16663 | D:12     | Noticed a centaur warrior
 16686 | D:12     | Noticed Urug
 16735 | D:12     | Killed Urug
 16735 | D:12     | Reached skill level 9 in Ice Magic
 17018 | D:12     | Noticed Frances
 17026 | D:12     | Noticed a sun demon
 17448 | Lair:1   | Entered Level 1 of the Lair of Beasts
 17482 | Lair:1   | Got a fine long sword
 17483 | Lair:1   | Identified the +11 long sword of Noon {freeze, Fragile
                  | rElec rF++ rN+} (You found it on level 1 of the Lair of
                  | Beasts)
 17512 | Lair:1   | Reached skill level 10 in Ice Magic
 18030 | Lair:1   | Gained mutation: You have an increased reservoir of magic.
                  | (+10% MP) [potion of mutation]
 18030 | Lair:1   | Gained mutation: You have sharp fingernails. [potion of
                  | mutation]
 18030 | Lair:1   | Gained mutation: You are occasionally teleported next to
                  | monsters. [potion of mutation]
 18030 | Lair:1   | Gained mutation: You are somewhat resistant to further
                  | mutation. [potion of mutation]
 18031 | Lair:1   | Lost mutation: You are occasionally teleported next to
                  | monsters. [potion of mutation]
 18031 | Lair:1   | Lost mutation: You are somewhat resistant to further
                  | mutation. [potion of mutation]
 18031 | Lair:1   | Lost mutation: You have an increased reservoir of magic.
                  | (+10% MP) [potion of mutation]
 18031 | Lair:1   | Gained mutation: You possess an exceptional clarity of
                  | mind. [potion of mutation]
 18031 | Lair:1   | Gained mutation: You have a pair of small horns on your
                  | head. [potion of mutation]
 18031 | Lair:1   | Gained mutation: You have very sharp fingernails. [potion
                  | of mutation]
 18052 | Lair:1   | Noticed an oklob plant
 18053 | Lair:1   | Noticed an oklob plant
 18168 | Lair:1   | Reached XP level 12. HP: 92/94 MP: 14/19
 19880 | Lair:2   | Offered knowledge of Lightning Bolt by Vehumet.
 19919 | Lair:2   | Noticed a five-headed hydra
 20010 | Lair:2   | Killed a five-headed hydra
 20010 | Lair:2   | Reached skill level 11 in Ice Magic
 20307 | Lair:2   | Noticed a five-headed hydra
 20316 | Lair:2   | Killed a five-headed hydra
 20645 | Lair:2   | Noticed a queen ant
 20645 | Lair:2   | Noticed Sonja
 20658 | Lair:2   | Killed a queen ant
 20681 | Lair:2   | Killed Sonja
 21491 | Lair:3   | Reached skill level 12 in Ice Magic
 22053 | Lair:3   | Noticed a catoblepas
 22071 | Lair:3   | Killed a catoblepas
 22188 | Lair:3   | Found a hole to the Spider Nest.
 22334 | Lair:3   | Reached XP level 13. HP: 102/107 MP: 12/25
 23042 | Lair:3   | Reached skill level 1 in Evocations
 23332 | Lair:4   | Reached skill level 13 in Ice Magic
 23597 | Lair:4   | Offered knowledge of Freezing Cloud by Vehumet.
 23606 | Lair:4   | Learned a level 6 spell: Freezing Cloud
 23840 | Lair:4   | Reached skill level 1 in Air Magic
 24652 | Lair:4   | Found a staircase to the Shoals.
 24843 | Lair:5   | Noticed Rupert
 25695 | Lair:5   | You fall into a shaft and drop 1 floor!
 25695 | Lair:6   | Entered Level 6 of the Lair of Beasts
 26368 | Lair:6   | Reached skill level 5 in Evocations
 26551 | Lair:6   | Found a runed translucent door.
 26552 | Lair:6   | Noticed Goumiel's ghost (adept HuAr)
 27654 | Lair:5   | Paralysed by Rupert for 7 turns
 27671 | Lair:5   | Slain by Rupert

Levels and vault maps discovered:
D:1:      matt_arrival_grand_opening, layout_basic, serial_co_window_serial,
          co_window_paths_b, co_window_paths_b, co_window_paths_a,
          co_window_paths_b, co_window_paths_b, co_window_of_opportunity_b,
          co_window_broadway_c, co_window_unsneaky_path_b, co_window_paths_c,
          co_window_4corner_b, glass_columns_b, wad_floor_pattern_untrapped
D:2:      layout_loops_ring, gammafunk_temple_overflow_forgotten,
          marbit_many_paths, minmay_rat_gold_closets
D:3:      layout_rooms, first_ration
D:4:      layout_loops_ring, chequers_temple_overflow_minitemple,
          ebering_ghost_sewer_f, makhleb_blood_cavern_becter, uniq_pikel,
          uniq_natasha
D:5:      layout_loops_ring, uniq_blork_the_orc, uniq_eustachio, uniq_sigmund
D:6:      wad_pebble_path, layout_cave_pools, lemuel_doored_altar,
          overflow_temple_1_default, minmay_microvault, uniq_crazy_yiuf_cottage,
          uniq_edmund
D:7:      layout_loops_ring, lemuel_crystal_altar, minmay_temple_entry_mist
D:8:      layout_basic, fedhas_altar_3, lair_entry_dummy, uniq_grum,
          uniq_harold, uniq_joseph
D:9:      layout_roguey, zombieorc2_lemuel, enter_bailey_6, minmay_holes,
          evilmike_butchery
D:10:     layout_cave_pods
D:11:     layout_loops_ring, nicolae_trove_entry_diagonal, basic_altar,
          hangedman_fish_farm, lightli_church_of_beogh
D:12:     layout_basic, minivault_12, uniq_frances, uniq_urug, uniq_nessos
Lair:1:   layout_gridlike, minmay_lair_oklob_chamber, grunt_megastairs_4,
          lemuel_fruit_fields
Lair:2:   lemuel_ratsnest, layout_cave_shapes, minivault_19, st_stairs_7,
          nicolae_quartered_pool_super, minivault_23, minmay_another_anthill,
          uniq_sonja
Lair:3:   lemuel_reptile_caves, layout_small_grid, dummy_spider_entry,
          kennysheep_basilisk_garden
Lair:4:   layout_regular_city, elwin_shoals_entry_rooms,
          infiniplex_staircase_pool_2, serial_bayou_shore_b
Lair:5:   layout_hall_layers, minivault_23, minivault_27,
          chequers_serial_rivers_room_b, st_stairs_12, uniq_rupert
Lair:6:   evilmike_catoblepas_cave, layout_regular_city, slime_altar_1,
          gammafunk_ghost_grave, kennysheep_abandoned_house

Skill      XL: |  1  2  3  4  5  6  7  8  9 10 11 12 13 |
---------------+----------------------------------------+-----
Stealth        | 2 |  2.0
Dodging        | 2 4 |  4.0
Conjurations   | 2 3 4 5 6 |  6.4
Shields        | 1 2 4 5 |  5.0
Spellcasting   | 3 4 5 8 |  8.0
Fire Magic     | 4 4 5 |  5.0
Fighting       | 1 3 5 8 |  8.0
Maces & Flails | 3 9 12 | 12.0
Translocations | 2 3 |  3.0
Ice Magic      | 3 10 12 13 | 13.0
Evocations     | 5 |  5.2
Air Magic      | 3 |  3.6

Action                   |  1- 3 |  4- 6 |  7- 9 | 10-12 | 13-15 || total
-------------------------+-------+-------+-------+-------+-------++-------
Melee: Unarmed           |     5 |       |       |       |       ||     5
       Tailslap          |     2 |     8 |    21 |    67 |    17 ||   115
       Dagger            |    20 |    83 |       |       |       ||   103
       Whip              |       |       |   211 |   724 |   176 ||  1111
       Headbutt          |       |       |       |    29 |    16 ||    45
Throw: Stone             |    77 |    55 |    13 |       |       ||   145
       Boomerang         |       |       |    14 |    80 |    84 ||   178
 Cast: Flame Tongue      |    42 |    37 |    18 |    18 |    22 ||   137
       Sticky Flame      |       |     5 |    57 |   241 |    77 ||   380
       Conjure Flame     |       |       |       |    17 |     4 ||    21
       Blink             |       |       |       |     2 |     2 ||     4
       Throw Icicle      |       |       |       |     5 |     4 ||     9
       Freezing Cloud    |       |       |       |       |     2 ||     2
Evoke: Wand              |       |       |     1 |    10 |       ||    11
  Use: Scroll            |       |    12 |     5 |    17 |     1 ||    35
       Potion            |       |     1 |     2 |    10 |     2 ||    15
 Stab: Sleeping          |       |     5 |       |     1 |       ||     6
       Distracted        |       |       |       |     1 |       ||     1
       Invisible         |       |       |       |     2 |       ||     2
  Eat: Chunk             |     3 |     9 |    26 |    88 |    24 ||   150
       Ration            |       |       |     1 |     1 |       ||     2
Armor: Skin              |     7 |    29 |    61 |   231 |    85 ||   413
Dodge: Dodged            |    27 |    46 |   116 |   348 |   128 ||   665
Block: Buckler           |       |       |    60 |   193 |    68 ||   321

Table legend:
 A = Non-vault XP
 B = Vault XP
 C = Vault XP percentage of total XP
 D = Non-vault monster count
 E = Vault monster count
 F = Vault count percentage of total count
                 A         B        C        D         E       F
            +---------+---------+-------+---------+---------+-------
      Total |   37850 |   14370 |  27.5 |     362 |     206 |  36.3
            +---------+---------+-------+---------+---------+-------
        D:1 |      31 |       0 |   0.0 |      24 |       0 |   0.0
        D:2 |     121 |      21 |  14.8 |      19 |       9 |  32.1
        D:3 |      48 |       0 |   0.0 |      19 |       0 |   0.0
        D:4 |     482 |      78 |  13.9 |      23 |       2 |   8.0
        D:5 |     446 |    1164 |  72.3 |      16 |       4 |  20.0
        D:6 |     241 |     237 |  49.6 |      13 |       3 |  18.8
        D:7 |    2111 |       0 |   0.0 |      30 |       0 |   0.0
        D:8 |    1795 |    1843 |  50.7 |      32 |       5 |  13.5
        D:9 |    1409 |     924 |  39.6 |      18 |      36 |  66.7
       D:10 |    2108 |       0 |   0.0 |      15 |       0 |   0.0
       D:11 |    3008 |     622 |  17.1 |      31 |      13 |  29.5
       D:12 |    1184 |     847 |  41.7 |      18 |       1 |   5.3
     Lair:1 |    4557 |    1341 |  22.7 |      24 |       4 |  14.3
     Lair:2 |    4833 |    3511 |  42.1 |      15 |      60 |  80.0
     Lair:3 |    3499 |    2939 |  45.7 |      12 |      35 |  74.5
     Lair:4 |    5917 |       0 |   0.0 |      24 |       0 |   0.0
     Lair:5 |    3869 |       0 |   0.0 |      20 |       0 |   0.0
     Lair:6 |    2191 |       0 |   0.0 |       9 |       0 |   0.0
     Bailey |       0 |     843 | 100.0 |       0 |      34 | 100.0
            +---------+---------+-------+---------+---------+-------
